 Dungeon Crawl Stone Soup version 0.30.1-9-gdf580d7c3d (webtiles) character file.

Game seed: 2529478567440794382

184 lonewolfV2 the Covered (level 5, -5/42 HPs)
             Began as a Demonspawn Fighter on Oct 26, 2023.
             Splashed by a jelly's acid (10 damage)
             ... on level 4 of the Dungeon.
             The game lasted 00:03:41 (2585 turns).

lonewolfV2 the Covered (Demonspawn Fighter)         Turns: 2585, Time: 00:03:42

Health: -5/42      AC: -4    Str: 19    XL:     5   Next: 36%
Magic:  7/7        EV: 10    Int:  9    God:
Gold:   223        SH:  4    Dex: 12    Spells: 4/4 levels left

rFire   . . .        a - +0 war axe
rCold   . . .        c - +0 buckler
rNeg    . . .        b - +0 scale mail
rPois   .            (no helmet)
rElec   .            (no cloak)
rCorr   .            (no gloves)
SInv    .            (no boots)
Will    .....        (no amulet) Stlth
                     g - ring of wizardry
HPRegen 0.27/turn    (no ring)
MPRegen 0.10/turn

%: wizardry (x1)
@: corroded
A: rugged brown scales 1, foul stench 1, demonic magic 1
a: no special abilities


You were on level 4 of the Dungeon.
You visited 1 branch of the dungeon, and saw 4 of its levels.

You collected 223 gold pieces.

Inventory:

Hand Weapons
 a - a +0 war axe (weapon)
Armour
 b - a +0 scale mail (worn)
 c - a +0 buckler (worn)
Jewellery
 g - a ring of wizardry (left hand)
 m - an amulet of faith
Wands
 k - a wand of flame (9)
Scrolls
 e - a scroll of noise
 h - 2 scrolls of identify
Potions
 d - a potion of might
 f - a potion of berserk rage
 i - a potion of invisibility
 j - a potion of degeneration
 l - 2 potions of curing
 o - a potion of resistance


   Skills:
 - Level 3.0 Fighting
 - Level 1.8 Axes
 + Level 3.6 Armour
 * Level 3.2 Dodging
 - Level 2.6 Shields
 + Level 3.1 Invocations


You had 4 spell levels left.
You didn't know any spells.
Your spell library contained the following spells:

 Spells                   Type           Power      Damage    Failure   Level
 Poisonous Vapours        Pois/Air       0%         N/A       63%         2
 Dazzling Flash           Conj/Hex       0%         N/A       85%         3
 Mephitic Cloud           Conj/Pois/Air  0%         N/A       85%         3
 Agony                    Necr           0%         N/A       100%        5
 Freezing Cloud           Conj/Ice/Air   0%         6-21      100%        5
 Silence                  Hex/Air        0%         N/A       100%        5


Dungeon Overview and Level Annotations

Branches:
Dungeon (4/15)
 Temple: D:4-7

Altars:
Yredelemnul

Shops:
D:2 !


Innate Abilities, Weirdness & Mutations

You are partially covered in rugged brown scales. (AC +1, +3% HP)
You may rarely emit foul miasma when damaged in melee.
Spells you cast may paralyse adjacent enemies.


Message History

You hit the orc.
The orc is lightly wounded.
You feel sick. The orc hits you but does no damage.
You slash the orc!
You kill the orc!
You feel sick.
You feel sick.
You are no longer poisoned.
Things that are here:
a +0 dagger; a +0 ring mail You hear a distant slurping noise.
You hear a distant slurping noise.
HP restored.
Things that are here:
a +0 club; 5 poisoned darts
Things that are here:
a +0 dagger; a +0 ring mail You now have 215 gold pieces (gained 8).
You now have 223 gold pieces (gained 8).
A jelly comes into view.
The jelly quivers.
A jelly is nearby!
A jelly is nearby!
You block the jelly's attack. The jelly hits you. The acid corrodes you!
You are splashed with acid!
You hit the jelly.
Your hands burn!
The jelly is lightly wounded.
You block the jelly's attack.
You slash the jelly!
Your hands burn!
The jelly is heavily wounded.
The jelly hits you. The acid corrodes you!
You are splashed with acid!
* * * LOW HITPOINT WARNING * * *
You block the jelly's attack.
You hit the jelly but do no damage. The acid corrodes you!
Your hands burn!
* * * LOW HITPOINT WARNING * * *
The jelly is heavily wounded.
The jelly hits you.
* * * LOW HITPOINT WARNING * * *
You are splashed with acid!
You die...

...#. #... ... ... #.# #+
#.# #.# #####.#####
#.########
#.........####.##.....#
#.###.###@J.....#†)...###
#.# #..#.....)........
#.# #..##...#.....####
#.###..###..#.....#
#...............###
#####.......#####
.#######.#######
.........# ##########


You could see a jelly.

Vanquished Creatures
  A scorpion (D:4)
  Natasha (D:3)
  3 gnolls (D:2)
  A worm (D:2)
  2 dart slugs
  2 orcs
  5 bats
  7 endoplasms
  4 giant cockroaches (D:2)
  3 goblins
  4 hobgoblins
  2 jackals (D:2)
  7 kobolds
  2 quokkas
  4 ball pythons
  4 frilled lizards
  7 rats
  A spectral orc (D:3)
60 creatures vanquished.

Notes
Turn   | Place    | Note
-------+----------+-------------------------------------------
     0 | D:1      | lonewolfV2 the Demonspawn Fighter began the quest for the
                  | Orb.
     0 | D:1      | Reached XP level 1. HP: 18/18 MP: 1/1
   516 | D:1      | Reached skill level 1 in Dodging
   516 | D:1      | Reached skill level 1 in Invocations
   516 | D:1      | Gained mutation: You may rarely emit foul miasma when
                  | damaged in melee. [demonic ancestry]
   516 | D:1      | Reached XP level 2. HP: 24/24 MP: 2/2
   657 | D:2      | Gained mutation: You are partially covered in rugged brown
                  | scales. (AC +1, +3% HP) [demonic ancestry]
   657 | D:2      | Reached XP level 3. HP: 6/29 MP: 2/4
  1159 | D:2      | Reached XP level 4. HP: 36/36 MP: 5/5
  1255 | D:2      | Found Toosumam's Distillery.
  1828 | D:3      | Found a basalt altar of Yredelemnul.
  2009 | D:3      | Noticed Natasha
  2016 | D:3      | Killed Natasha
  2471 | D:4      | Noticed a scorpion
  2475 | D:4      | Killed a scorpion
  2476 | D:4      | Gained mutation: Spells you cast may paralyse adjacent
                  | enemies. [demonic ancestry]
  2476 | D:4      | Reached XP level 5. HP: 29/42 MP: 7/7
  2585 | D:4      | Splashed by a jelly's acid

Illustrated notes

Levels and vault maps discovered:
D:1:      minmay_arrival_solitary_statue, layout_basic
D:2:      layout_basic, serial_shops, shop, minmay_misc_feat_doors,
          feat_on_display
D:3:      layout_loops_ring, yredelemnul_forgotten_temple_becter, uniq_natasha
D:4:      layout_loops_corners, minmay_temple_entry_antechambers, uniq_robin

Skill      XL: |  1  2  3  4 |
---------------+-------------+-----
Dodging        | 1 2 3 |  3.2
Invocations    | 1 2 3 |  3.1
Armour         | 3 |  3.6
Fighting       | |  3.0
Axes           | |  1.8
Shields        | |  2.6

Action                     |  1- 3 |  4- 6 || total
---------------------------+-------+-------++-------
  Melee: War axe           |   100 |    83 ||   183
    Use: Scroll            |     3 |     4 ||     7
         Potion            |     1 |       ||     1
 Armour: Scale mail        |    68 |    39 ||   107
  Dodge: Dodged            |    69 |    32 ||   101
  Block: Buckler           |    29 |    24 ||    53
